 Dungeon Crawl Stone Soup version 0.24.0-2-g5b39cebb1c (webtiles) character file.

Game seed: 18025228170297771586, levelgen mode: deterministic

898 Arixos the Magician (level 7, -1/42 HPs)
             Began as a Deep Elf Assassin on Oct 29, 2019.
             Was an Initiate of Vehumet.
             Killed by divine providence
             ... invoked by an orc priest
              (9 damage)
             ... on level 5 of the Dungeon.
             The game lasted 00:17:52 (5573 turns).

Arixos the Magician (Deep Elf Assassin)             Turns: 5573, Time: 00:17:52

Health: -1/42      AC:  9    Str:  8    XL:     7   Next: 79%
Magic:  17/17      EV: 12    Int: 18    God:    Vehumet [......]
Gold:   178        SH:  0    Dex: 16    Spells: 17/17 levels left

rFire    . . .     SeeInvis .   k - +0 dagger (elec)
rCold    . . .     Gourm    .   (no shield)
rNeg     . . .     Faith    .   y - +0 ring mail
rPois    .         Spirit   .   A - +2 helmet
rElec    .         Reflect  .   c - +0 cloak
rCorr    +         Harm     .   (no gloves)
MR       .....                  (no boots)
Stlth    ++........             (no amulet)
HPRegen  0.14/turn              g - ring of resist corrosion (curse)
MPRegen  0.15/turn              (no ring)

@: no status effects
A: no striking features
a: Renounce Religion


You were on level 5 of the Dungeon.
You worshipped Vehumet.
Vehumet was noncommittal.
You were hungry.

You visited 2 branches of the dungeon, and saw 6 of its levels.

You collected 178 gold pieces.

Inventory:

Hand Weapons
 a - a +2 dagger
 k - a +0 dagger of electrocution (weapon)
Missiles
 d - 19 poisoned darts (quivered)
 e - 2 curare-tipped darts
Armour
 c - a +0 cloak (worn)
 t - a +0 leather armour
 y - a +0 ring mail (worn)
 A - a +2 helmet (worn)
Jewellery
 g - a cursed ring of resist corrosion (left hand)
Wands
 v - a wand of iceblast (5)
Scrolls
 h - 2 scrolls of enchant weapon {unknown}
 i - a scroll of enchant armour {unknown}
 j - 2 scrolls of remove curse {unknown}
 l - a scroll of fog {unknown}
 n - 5 scrolls of identify {unknown}
 o - 2 scrolls of fear {unknown}
 r - a scroll of teleportation {unknown}
 u - 2 scrolls of amnesia {unknown}
Potions
 b - a potion of agility {unknown}
 m - 4 potions of curing {unknown}
 p - a potion of ambrosia {unknown}
 q - a potion of resistance {unknown}
 s - 2 potions of degeneration {unknown}
 w - 3 potions of lignification {unknown}
 x - a potion of magic {unknown}
 z - a potion of invisibility {unknown}
Comestibles
 f - 2 rations


   Skills:
 + Level 3.9 Fighting
 - Level 2.0 Short Blades
 - Level 2.0 Throwing
 + Level 2.6 Armour
 + Level 5.2 Dodging
 - Level 4.8 Stealth
 + Level 5.5 Spellcasting
 + Level 3.0 Evocations


You had 17 spell levels left.
You didn't know any spells.
Your spell library was empty.

Dungeon Overview and Level Annotations

Branches:
Dungeon (5/15)             Temple (1/1) D:4

Altars:
Cheibriados
Fedhas
Hepliaklqana
Kikubaaqudgha
Makhleb
Nemelex Xobeh
Okawaru
Ru
Sif Muna
Trog
Uskayaw
Vehumet
Wu Jian
Xom
Yredelemnul
Zin
The Shining One

Annotations:
D:2 Sigmund
D:4 Grinder


Message History

The orc priest shouts!
The orc priest invokes the aid of Beogh against you.
You struggle to resist.
The orc throws a boomerang.
The boomerang closely misses you.
The weapon returns to the orc!
You close the door.
An orc priest opens the door.
The orc throws a boomerang.
The boomerang hits you.
The weapon returns to the orc!
There is an open door here.
The orc priest calls down the wrath of Beogh upon you.
Beogh smites you!
* * * LOW HITPOINT WARNING * * *
The orc throws a boomerang.
The boomerang barely misses you.
The weapon returns to the orc!
The orc throws a boomerang.
The boomerang barely misses you.
The weapon returns to the orc!
The orc throws a boomerang.
The boomerang barely misses you.
The weapon returns to the orc!
The orc priest invokes the aid of Beogh against you.
Beogh smites you!
You die...

#..<.....#.#
#........... ....#
#....#####+###....
#......##........
####...##....#..
####(..##....#.#+###
................#....
#########........#
#.......#..@...+
#.#............#
##+##.....####
#.....# #.#'### #.#.#
..#o### #######o#.+
......ooo.#


You could see an orc priest and an orc.

Vanquished Creatures
  A hippogriff (D:4)
  An ogre (D:4)
  A bullfrog (D:3)
  2 scorpions (D:4)
  A howler monkey (D:4)
  2 bullfrog skeletons (D:4)
  3 orc priests
  3 orc wizards
  Jessica (D:3)
  Ijyb (D:3)
  Robin (D:4)
  2 gnolls (D:4)
  4 adders
  An ooze (D:2)
  A worm (D:3)
  A dart slug (D:2)
  15 orcs
  3 giant cockroaches
  11 goblins
  7 hobgoblins
  2 jackals (D:1)
  3 quokkas
  5 ball pythons
  6 bats
  5 kobolds
  10 rats
93 creatures vanquished.

Vanquished Creatures (others)
  An orc wizard (D:4)
  A worker ant (D:4)
  2 gnolls (D:4)
  An orc (D:4)
5 creatures vanquished.

Grand Total: 98 creatures vanquished

Notes
Turn   | Place    | Note
-------+----------+-------------------------------------------
     0 | D:1      | Arixos the Deep Elf Assassin began the quest for the Orb.
     0 | D:1      | Reached XP level 1. HP: 12/12 MP: 3/3
   423 | D:1      | Reached skill level 1 in Spellcasting
   450 | D:1      | Reached XP level 2. HP: 15/17 MP: 5/5
  1349 | D:2      | Reached XP level 3. HP: 16/21 MP: 7/7
  1748 | D:2      | Found a basalt altar of Yredelemnul.
  1841 | D:2      | Found an iron altar of Okawaru.
  1842 | D:2      | Found a bloodstained altar of Trog.
  1928 | D:2      | Noticed Sigmund
  2078 | D:3      | Noticed a bullfrog
  2086 | D:3      | Killed a bullfrog
  2086 | D:3      | Reached XP level 4. HP: 18/27 MP: 8/10
  2207 | D:3      | Noticed Ijyb
  2214 | D:3      | Killed Ijyb
  2214 | D:3      | Reached XP level 5. HP: 31/31 MP: 10/12
  2402 | D:3      | Noticed Jessica
  2424 | D:3      | Killed Jessica
  2863 | D:3      | Reached skill level 1 in Armour
  3392 | D:4      | Found an ornate altar of the Wu Jian Council.
  3392 | D:4      | Found a glowing golden altar of the Shining One.
  3392 | D:4      | Found a sparkling altar of Nemelex Xobeh.
  3400 | D:4      | Found a blossoming altar of Fedhas.
  3407 | D:4      | Noticed Robin
  3437 | D:4      | Killed Robin
  3980 | D:3      | Reached XP level 6. HP: 37/37 MP: 14/14
  4007 | D:4      | Noticed Grinder
  4069 | D:4      | Reached skill level 1 in Evocations
  4208 | D:4      | Found a hazy altar of Hepliaklqana.
  4354 | D:4      | Reached XP level 7. HP: 36/41 MP: 16/16
  4449 | D:4      | Found a staircase to the Ecumenical Temple.
  4458 | Temple   | Entered the Ecumenical Temple
  4681 | Temple   | Became a worshipper of Vehumet
  4856 | D:4      | Reached skill level 5 in Spellcasting
  4883 | D:4      | Noticed a hippogriff
  4898 | D:4      | Killed a hippogriff
  4898 | D:4      | Reached skill level 5 in Dodging
  5535 | D:5      | Entered Level 5 of the Dungeon
  5573 | D:5      | Killed from afar by an orc priest

Levels and vault maps discovered:
D:1:      psy_arrival_radial02, layout_basic
D:2:      layout_basic, gammafunk_temple_overflow_pools, kennysheep_ying_yang,
          minmay_statues_item, cheibrodos_gnoll_hut, uniq_sigmund,
          uniq_crazy_yiuf_cottage, uniq_terence
D:3:      layout_loops_ring, minivault_14, uniq_jessica, uniq_ijyb
D:4:      layout_loops_corners, nicolae_overflow_quartered_altars,
          lemuel_doored_altar, lemuel_temple_firewalk_b, uniq_robin,
          uniq_grinder
D:5:      layout_basic, serial_shops, shop, first_ration, uniq_blork_the_orc
Temple:   jpeg_temple_island

Skill      XL: |  1  2  3  4  5  6  7 |
---------------+----------------------+-----
Spellcasting   | 1 3 4 5 |  5.5
Fighting       | 2 3 |  3.9
Dodging        | 2 3 4 5 |  5.2
Armour         | 1 2 |  2.6
Evocations     | 1 3 |  3.0
Short Blades   | |  2.0
Throwing       | |  2.0
Stealth        | |  4.8

Action                   |  1- 3 |  4- 6 |  7- 9 || total
-------------------------+-------+-------+-------++-------
Melee: Dagger            |   125 |   173 |    46 ||   344
Throw: Dart              |       |     4 |     6 ||    10
Evoke: Wand              |       |       |     4 ||     4
 Stab: Sleeping          |    10 |     5 |       ||    15
       Distracted        |       |     1 |       ||     1
  Eat: Chunk             |     4 |     4 |     3 ||    11
       Ration            |       |     1 |       ||     1
Armor: Robe              |    22 |     1 |       ||    23
       Ring mail         |       |    28 |    15 ||    43
       Leather armour    |       |     4 |       ||     4
Dodge: Dodged            |    80 |    84 |    41 ||   205
